 Dungeon Crawl Stone Soup version 0.24-a0-809-g71cb82dfb8 (webtiles) character file.

Game seed: 9721568241831522355, levelgen mode: deterministic

117595 Arixos the Fighter (level 16, -1/132 HPs)
             Began as a Mummy Monk on Oct 11, 2019.
             Was a High Priest of Wu Jian.
             Killed from afar by a shock serpent (7 damage)
             ... with a bolt of electricity
             ... on level 3 of the Snake Pit.
             The game lasted 04:00:11 (36076 turns).

Arixos the Fighter (Mummy Monk)                    Turns: 36076, Time: 04:00:12

Health: -1/132     AC: 25    Str: 28    XL:     16   Next: 23%
Magic:  0/32       EV: 15    Int: 13    God:    Wu Jian [*****.]
Gold:   1300       SH:  2    Dex: 17    Spells: 15/15 levels left

rFire    . . .     SeeInvis +   s - +6 quarterstaff of Charity {freeze, rF+ rC+ MP+9 Str-3}
rCold    + + .     Gourm    .   (shield currently unavailable)
rNeg     + + +     Faith    .   J - +0 plate armour {MR+}
rPois    ∞         Spirit   +   I - +2 helmet {SInv}
rElec    +         Reflect  +   x - scarf {Spirit}
rCorr    .         Harm     .   v - +2 pair of gloves
MR       ++++.                  O - +2 pair of boots {run}
Stlth    ..........             M - +2 amulet of reflection
HPRegen  0.32/turn              D - ring "Sutim" {rN+ MR+ Str+9 Dex-4 SInv}
MPRegen  0.23/turn              L - ring of Nyiniun {rElec Str+3 Int+4 Dex+4 Stlth-}

@: slightly contaminated, quick
A: no food or potions, fire vulnerability, cold resistance 1, negative energy
resistance 3, torment resistance, unbreathing, in touch with death 1
a: Wall Jump, Serpent's Lash, Heavenly Storm, Renounce Religion


You were on level 3 of the Snake Pit.
You worshipped Wu Jian.
Wu Jian was extremely pleased with you.
You were not hungry.

You visited 5 branches of the dungeon, and saw 27 of its levels.
You also visited: Ossuary and Ice Cave.

You collected 2316 gold pieces.
You spent 1016 gold pieces at shops.

Inventory:

Hand Weapons
 p - the +6 long sword of Medy {speed, rN+ MR+}
   (You found it on level 6 of the Dungeon)

   Attacks with this weapon are significantly faster.
   It protects you from negative energy.
   It affects your resistance to hostile enchantments.
 s - the +6 quarterstaff of Charity (weapon) {freeze, rF+ rC+ MP+9 Str-3}
   (You found it on level 7 of the Dungeon)

   It has been specially enchanted to freeze those struck by it, causing extra
   injury to most foes and up to half again as much damage against particularly
   susceptible opponents.
   It can also slow down cold-blooded creatures.
   It affects your strength (-3).
   It protects you from fire.
   It protects you from cold.
   It affects your magic capacity (+9).
 H - a +0 lajatang of freezing
 P - a +0 quarterstaff of speed
Missiles
 c - 11 curare-tipped darts
 g - 6 boomerangs of dispersal
 k - 90 poisoned darts (quivered)
 q - 4 atropa-tipped darts
Armour
 i - a +1 crystal plate armour
 v - a +2 pair of gloves (worn)
 x - a scarf of spirit shield (worn)
 y - a +2 plate armour of cold resistance
 I - a +2 helmet of see invisible (worn)
 J - a +0 plate armour of magic resistance (worn)
 O - a +2 pair of boots of running (worn)
Jewellery
 z - a cursed ring of attention {unknown}
 D - the ring "Sutim" (left hand) {rN+ MR+ Str+9 Dex-4 SInv}
   (You found it on level 2 of the Lair of Beasts)

   [ring of see invisible]

   It affects your strength (+9).
   It affects your dexterity (-4).
   It protects you from negative energy.
   It affects your resistance to hostile enchantments.
   It lets you see invisible.
 G - an uncursed ring of protection from magic
 L - the ring of Nyiniun (right hand) {rElec Str+3 Int+4 Dex+4 Stlth-}
   (You bought it in a shop on level 12 of the Dungeon)

   [ring of strength]

   It affects your strength (+3).
   It affects your intelligence (+4).
   It affects your dexterity (+4).
   It insulates you from electricity.
   It makes you less stealthy.
 M - a +2 amulet of reflection (around neck)
Wands
 b - a wand of digging (15)
 l - a wand of flame (43)
 m - a wand of random effects (39)
 n - a wand of disintegration (25)
 o - a wand of polymorph (21)
 u - a wand of iceblast (15)
 B - a wand of acid (31)
Scrolls
 a - 5 scrolls of enchant weapon
 d - 15 scrolls of remove curse
 e - 9 scrolls of teleportation
 f - 8 scrolls of identify
 h - 5 scrolls of immolation
 r - 4 scrolls of amnesia
 t - 3 scrolls of silence {unknown}
 w - 3 scrolls of magic mapping
 A - a scroll of torment
 C - 2 scrolls of blinking
 F - a scroll of summoning {unknown}
 K - a scroll of vulnerability {unknown}
 N - a scroll of fog
Miscellaneous
 j - a phial of floods (inert)
 E - a lightning rod (4/4)


   Skills:
 + Level 13.9 Fighting
 - Level 3.5 Long Blades
   Level 2.4(7.3) Polearms
 + Level 10.8(10.9) Staves
 + Level 11.7 Armour
 + Level 11.9 Dodging
 - Level 1.5 Stealth
 - Level 10.0 Evocations


You had 15 spell levels left.
You didn't know any spells.
Your spell library contained the following spells:

 Spells                   Type           Power        Failure   Level  Hunger
 Confusing Touch          Hex            #.....       92%         1    N/A
 Shock                    Conj/Air       #...         92%         1    N/A
 Sting                    Conj/Pois      #...         92%         1    N/A
 Poisonous Vapours        Pois/Air       #.....       98%         2    N/A
 Swiftness                Chrm/Air       #.......     98%         2    N/A
 Confuse                  Hex            #.......     100%        3    N/A
 Gell's Gravitas          Tloc           #.........   100%        3    N/A
 Mephitic Cloud           Conj/Pois/Air  #.......     100%        3    N/A
 Static Discharge         Conj/Air       #.......     100%        3    N/A
 Airstrike                Air            #.........   100%        4    N/A
 Olgreb's Toxic Radiance  Pois           #.......     100%        4    N/A
 Petrify                  Tmut/Erth      #.......     100%        4    N/A
 Summon Lightning Spire   Summ/Air       #.......     100%        4    N/A
 Bolt of Magma            Conj/Fire/Erth #.........   100%        5    N/A
 Iskenderun's Battlesphe  Conj/Chrm      #.......     100%        5    N/A
 Lightning Bolt           Conj/Air       #.........   100%        5    N/A
 Metabolic Englaciation   Hex/Ice        #.........   100%        5    N/A
 Silence                  Hex/Air        #.........   100%        5    N/A
 Venom Bolt               Conj/Pois      #.........   100%        5    N/A
 Yara's Violent Unravell  Hex/Tmut       #.........   100%        5    N/A
 Bolt of Cold             Conj/Ice       #.........   100%        6    N/A
 Conjure Ball Lightning   Conj/Air       #.........   100%        6    N/A
 Deflect Missiles         Chrm/Air       #.........   100%        6    N/A
 Freezing Cloud           Conj/Ice/Air   #.........   100%        6    N/A
 Iron Shot                Conj/Erth      #.........   100%        6    N/A
 Ozocubu's Refrigeration  Ice            #.........   100%        6    N/A
 Simulacrum               Ice/Necr       #.........   100%        6    N/A
 Malign Gateway           Summ/Tloc      #.........   100%        7    N/A
 Monstrous Menagerie      Summ           #.........   100%        7    N/A
 Orb of Destruction       Conj           #.........   100%        7    N/A
 Spellforged Servitor     Conj/Summ      #.........   100%        7    N/A
 Summon Greater Demon     Summ           #.........   100%        7    N/A
 Summon Horrible Things   Summ           #.........   100%        8    N/A
 Tornado                  Air            #.........   100%        9    N/A
 Ice Form                 Ice/Tmut       Unusable     N/A         4    N/A

Dungeon Overview and Level Annotations

Branches:
Dungeon (15/15)            Temple (1/1) D:5            Lair (6/6) D:10
 Shoals (0/4) Lair:4        Snake (3/4) Lair:4        Slime (0/5) Lair:5
    Orc (2/2) D:9             Elf (0/3) Orc:2        Vaults (0/5) D:13
 Depths (0/5) D:15        Ossuary (visited)           IceCv (visited)

Altars:
Ashenzari
Cheibriados
Dithmenos
Elyvilon
Fedhas
Gozag
Hepliaklqana
Kikubaaqudgha
Makhleb
Nemelex Xobeh
Okawaru
Qazlal
Ru
Sif Muna
Trog
Uskayaw
Vehumet
Wu Jian
Xom
Yredelemnul
Zin
The Shining One
Beogh
Jiyva

Shops:
D:12 =   Orc:1 (?   Orc:2 *(([   Snake:3 %==[

Annotations:
Lair:4 exclusion: 2 oklob plants
Lair:5 1 runed translucent door


Innate Abilities, Weirdness & Mutations

You do not eat or drink.
Your flesh is vulnerable to fire.
You are immune to poison.
Your flesh is cold resistant. (rC+)
You are immune to negative energy. (rN+++)
You are immune to unholy pain and torment.
You can survive without breathing.
You are in touch with the powers of death.


Message History

The bolt burns you.
* * * LOW HITPOINT WARNING * * *
The naga mage casts a spell.
The naga mage seems to speed up.
Found 12 sling bullets and a scroll of remove curse.
You see here a bolt.
Blink to where?
Press: ? - help, Dir - move target cursor You are lightly contaminated with residual magic.
As you read the scroll of blinking, it crumbles to dust.
A black mamba comes into view.
The black mamba hisses angrily.
The naga mage points at you and mumbles some strange words.
The bolt of poison hits you but does no damage.
You resist.
The naga mage casts a spell.
The naga mage seems to speed up.
The shock serpent shoots out a bolt of lightning at you!
The bolt of electricity hits you! You resist.
You die...

8...8## ....... .............#
..♣..8## .......................#
....!.8##..?....#...>...........#
..∩....8##...N.(#....$..........#
......S.8#..N..N................#
.......S.#.%S...#.........<.....#
..♣..∩.♣.§.NS...#...............#
.........#......#...............#
........8#......@...............#
..∩....8##......#S.........######
...N^.8##......>.#........##
.[♣..8## ..S..... .......#
8...8## .......# .###.. ##N###
.....#.. .# #..# ....##. . §..#
...# .. .. ..##


You could see 2 shock serpents, 2 black mambas, 3 naga magi and a naga.

Vanquished Creatures
  Rupert (D:14)
  Kirke (D:14)
  Donald (Snake:1)
  A frost giant (IceCv)
  An orc warlord (Orc:2)
  Snorg (D:11)
  2 fire dragons (D:14)
  4 naga warriors
  3 vault guards (D:13)
  6 hydras
  The ghost of Ablot the Thaumaturge, a journeyman GnSk of Okawaru (D:10)
  An anaconda (Snake:1)
  3 catoblepae (Lair:6)
  A death knight (D:10)
  6 two-headed ogres
  9 centaur warriors
  8 death yaks
  An orc high priest (Orc:2)
  A shock serpent (Snake:1)
  2 tengu warriors (D:14)
  2 naga sharpshooters (Snake:1)
  Sonja (Lair:2)
  A salamander mystic (Snake:1)
  3 skeletal warriors (D:14)
  5 unseen horrors
  A naga ritualist (Snake:1)
  A deep elf mage (D:13)
  3 orc knights
  A mana viper (Snake:1)
  5 ugly things (D:13)
  A fire giant zombie (D:15)
  A stone giant zombie (D:15)
  A necromancer (D:14)
  4 manticores
  An orc sorcerer (Orc:1)
  3 centaur zombies
  A stone giant skeleton (D:15)
  A guardian serpent (Snake:2)
  4 cyclopes
  A salamander (Snake:1)
  A merfolk siren (Lair:4)
  Maurice (D:9)
  12 black mambas
  13 spiny frogs
  A gargoyle (D:12)
  A torpor snail (Lair:4)
  3 centaur skeletons
  2 rime drakes
  5 yaktaurs
  6 komodo dragons
  An efreet (D:15)
  3 tengu conjurers (D:13)
  A harpy zombie (D:15)
  A guardian mummy (D:14)
  4 trolls
  Prince Ribbit (D:8)
  13 polar bears (IceCv)
  3 hornets
  A harpy skeleton (D:15)
  5 hippogriffs
  3 meliai zombies
  18 blink frogs
  9 dream sheep
  4 shadows
  A deep troll skeleton (D:15)
  A tarantella (shapeshifter) (D:13)
  2 wyverns
  8 basilisks
  A hungry ghost (D:14)
  6 hogs
  65 yaks
  A human (D:7)
  A warg (Orc:1)
  Menkaure (D:4)
  A soldier ant (D:15)
  5 nagas (Snake:1)
  2 acid dragons
  8 porcupines
  39 orc warriors
  15 water moccasins
  2 ice beasts
  3 sky beasts
  3 hornet zombies
  11 ogres
  7 boggarts
  4 phantoms
  26 wolves
  4 black bears
  An eye of draining (shapeshifter) (D:14)
  16 centaurs
  2 eyes of draining (D:12)
  15 crocodiles
  2 elf zombies (Ossuary)
  2 big kobolds
  14 bullfrogs
  A gnoll sergeant (D:11)
  A wyvern skeleton (D:9)
  2 scorpions
  18 killer bees
  5 wights (D:11)
  2 howler monkeys
  2 electric eels (Lair:4)
  9 crimson imps
  A bullfrog zombie (D:7)
  2 quasits (D:9)
  20 orc priests
  6 jellies
  A gnoll shaman (D:7)
  2 human zombies (Ossuary)
  5 hounds
  30 orc wizards
  2 bullfrog skeletons
  3 iguanas
  7 worker ants
  3 hound zombies (Ossuary)
  A hound skeleton (D:7)
  3 mummies (Ossuary)
  2 worker ant zombies
  10 gnolls
  12 adders
  2 adder zombies (Ossuary)
  2 adder skeletons
  2 worms
  A dart slug (D:1)
  2 leopard geckos
  110 orcs
  A ball python (D:1)
  2 giant cockroaches
  A gnoll zombie (Ossuary)
  3 goblins
  3 hobgoblins (D:2)
  10 jackals
  5 quokkas
  7 bats
  7 frilled lizards
  6 goblin zombies (Ossuary)
  3 hobgoblin zombies (Ossuary)
  3 jackal zombies (Ossuary)
  11 kobolds
  4 kobold zombies (Ossuary)
  2 orc zombies (Ossuary)
  A quokka skeleton (D:8)
  4 quokka zombies (Ossuary)
  8 rats
  5 rat zombies (Ossuary)
831 creatures vanquished.

Vanquished Creatures (collateral kills)
  A vault guard (D:13)
  2 skeletal warriors (D:14)
  A phantasmal warrior (D:14)
  A gargoyle (D:13)
  A hippogriff (D:10)
  3 yaks (D:10)
  An acid dragon (D:13)
  A killer bee (D:10)
11 creatures vanquished.

Vanquished Creatures (others)
  3 polar bears (IceCv)
  A yak (IceCv)
  A vampire (D:13)
  4 wolves (IceCv)
  6 fungi
  3 plants
  A withered plant (D:15)
19 creatures vanquished.

Grand Total: 861 creatures vanquished

Notes
Turn   | Place    | Note
-------+----------+-------------------------------------------
     0 | D:1      | Arixos the Mummy Monk began the quest for the Orb.
     0 | D:1      | Reached XP level 1. HP: 18/18 MP: 1/1
   214 | D:1      | Reached XP level 2. HP: 19/24 MP: 2/2
   683 | D:2      | Reached skill level 1 in Armour
   725 | D:2      | Reached XP level 3. HP: 22/29 MP: 3/3
  1039 | D:2      | Found an iron altar of Okawaru.
  1201 | D:2      | Reached XP level 4. HP: 32/37 MP: 4/4
  1683 | D:3      | Reached skill level 4 in Fighting
  2128 | D:4      | Noticed Menkaure
  2188 | D:4      | Found a hazy altar of Hepliaklqana.
  2189 | D:4      | Found a glowing silver altar of Zin.
  2191 | D:4      | Found a shadowy altar of Dithmenos.
  2207 | D:4      | Reached XP level 5. HP: 24/42 MP: 5/5
  2366 | D:4      | Found an ancient bone altar of Kikubaaqudgha.
  2381 | D:4      | Found a shimmering blue altar of Sif Muna.
  2382 | D:4      | Found a glowing golden altar of the Shining One.
  2562 | D:4      | Found a burning altar of Makhleb.
  2596 | D:4      | Found a radiant altar of Vehumet.
  2814 | D:4      | Found a sparkling altar of Nemelex Xobeh.
  2934 | D:4      | You fall into a shaft and drop 3 floors!
  2990 | D:6      | Found a blossoming altar of Fedhas.
  3057 | D:6      | Got a smoking long sword
  3079 | D:6      | Reached XP level 6. HP: 7/49 MP: 6/6
  3337 | D:6      | Identified the +6 long sword of Medy {speed, rN+ MR+} (You
                  | found it on level 6 of the Dungeon)
  3400 | D:5      | Entered Level 5 of the Dungeon
  3477 | D:5      | Noticed a sky beast
  3478 | D:5      | Reached skill level 1 in Long Blades
  3478 | D:5      | Reached skill level 1 in Evocations
  3478 | D:5      | Reached XP level 7. HP: 52/55 MP: 7/7
  3488 | D:5      | Reached skill level 5 in Fighting
  3605 | D:5      | Found a sand-covered staircase.
  3610 | Ossuary  | Entered an ossuary
  3940 | Ossuary  | Reached XP level 8. HP: 61/63 MP: 9/9
  4101 | D:4      | Killed Menkaure
  4772 | D:5      | Found a staircase to the Ecumenical Temple.
  4785 | Temple   | Entered the Ecumenical Temple
  4825 | Temple   | Became a worshipper of the Wu Jian Council
  4825 | Temple   | Reached * piety under Wu Jian
  4825 | Temple   | Reached ** piety under Wu Jian
  5554 | D:6      | Reached skill level 5 in Dodging
  5747 | D:6      | Reached skill level 6 in Fighting
  6295 | D:7      | Reached XP level 9. HP: 54/71 MP: 11/11
  6341 | D:7      | Got a twisted quarterstaff
  6342 | D:7      | Identified the +6 quarterstaff of Charity {freeze, rF+ rC+
                  | MP+9 Str-3} (You found it on level 7 of the Dungeon)
  6587 | D:7      | Reached skill level 1 in Staves
  6954 | D:7      | Reached skill level 5 in Armour
  7166 | D:7      | Reached skill level 7 in Fighting
  7744 | D:8      | Found an ancient bone altar of Kikubaaqudgha.
  7795 | D:8      | Noticed Prince Ribbit
  8335 | D:8      | Reached *** piety under Wu Jian
  9194 | D:8      | Reached XP level 10. HP: 64/79 MP: 13/13
  9553 | D:8      | Found an ancient bone altar of Kikubaaqudgha.
 10049 | D:8      | Killed Prince Ribbit
 10199 | D:9      | Noticed Maurice
 10209 | D:9      | Reached skill level 5 in Evocations
 10228 | D:9      | Killed Maurice
 10497 | D:9      | Found a staircase to the Orcish Mines.
 10828 | D:9      | Reached skill level 8 in Fighting
 11119 | D:9      | Reached **** piety under Wu Jian
 11340 | D:9      | Found a white marble altar of Elyvilon.
 11870 | D:9      | Found a basalt altar of Yredelemnul.
 11909 | D:10     | Entered Level 10 of the Dungeon
 12011 | D:10     | Found a runed translucent door.
 12011 | D:10     | Noticed Ablot's ghost (journeyman GnSk)
 12042 | D:10     | Reached XP level 11. HP: 81/87 MP: 15/15
 12213 | D:10     | Noticed a death yak
 12245 | D:10     | Killed a death yak
 12870 | D:10     | Found a staircase to the Lair.
 13238 | Lair:1   | Entered Level 1 of the Lair of Beasts
 13247 | Lair:1   | Reached skill level 9 in Fighting
 13371 | Lair:1   | Reached skill level 5 in Staves
 14394 | Lair:1   | Noticed an eight-headed hydra
 14404 | Lair:1   | Killed an eight-headed hydra
 14603 | Lair:2   | Got a crystal shortbow
 14609 | Lair:2   | Noticed a six-headed hydra
 14621 | Lair:2   | Killed a six-headed hydra
 14621 | Lair:2   | Reached XP level 12. HP: 97/97 MP: 17/17
 14627 | Lair:2   | Got a fine iron ring
 14708 | Lair:2   | You fall into a shaft and drop 2 floors!
 14803 | Lair:4   | Found a staircase to the Shoals.
 14854 | Lair:4   | Reached ***** piety under Wu Jian
 15235 | Lair:3   | Reached skill level 10 in Fighting
 15651 | Lair:3   | Got a transparent plate armour
 15652 | Lair:3   | Identified the cursed +1 plate armour "Lunil" {Dex+3} (You
                  | found it on level 3 of the Lair of Beasts)
 15654 | Lair:3   | Identified the ring "Sutim" {rN+ MR+ Str+9 Dex-4 SInv} (You
                  | found it on level 2 of the Lair of Beasts)
 15973 | Lair:2   | Noticed Sonja
 15979 | Lair:2   | Killed Sonja
 17201 | Lair:4   | Found a staircase to the Snake Pit.
 18157 | Lair:5   | Gained mutation: You are in touch with the powers of death.
                  | [Mummy growth]
 18157 | Lair:5   | Reached XP level 13. HP: 81/104 MP: 19/19
 18180 | Lair:5   | You fall into a shaft and drop 1 floor!
 18180 | Lair:6   | Entered Level 6 of the Lair of Beasts
 18375 | Lair:5   | Found a runed translucent door.
 18375 | Lair:5   | Found a viscous altar of Jiyva.
 18375 | Lair:5   | Found a staircase to the Slime Pits.
 18375 | Lair:5   | Noticed an azure jelly
 19439 | Lair:6   | Reached skill level 11 in Fighting
 19578 | Lair:6   | Found a radiant altar of Vehumet.
 20949 | Lair:6   | Got an ancient great mace
 20954 | Lair:6   | Identified the +8 great mace of Virgh {flame, rPois Str+3
                  | Dex+7} (You found it on level 6 of the Lair of Beasts)
 21643 | Orc:1    | Entered Level 1 of the Orcish Mines
 21730 | Orc:1    | Found Jintit's Magic Scroll Shoppe.
 21739 | Orc:1    | Bought a scroll of enchant armour for 97 gold pieces
 21739 | Orc:1    | Bought a scroll of identify for 26 gold pieces
 21739 | Orc:1    | Bought a scroll of identify for 26 gold pieces
 21739 | Orc:1    | Bought a scroll of identify for 26 gold pieces
 21750 | Orc:1    | Found Iha Qasip's Weapon Emporium.
 21793 | Orc:2    | Entered Level 2 of the Orcish Mines
 21793 | Orc:2    | Found a frozen archway.
 21800 | IceCv    | Entered an ice cave
 22086 | IceCv    | Reached XP level 14. HP: 87/113 MP: 20/20
 22212 | IceCv    | Reached skill level 10 in Dodging
 22724 | IceCv    | Noticed a frost giant
 22752 | IceCv    | Killed a frost giant
 23089 | IceCv    | Got a polished rapier
 23100 | IceCv    | Identified the +8 rapier "Atummeih" {pierce, Int+3} (You
                  | found it in an ice cave)
 24035 | Orc:2    | Found a roughly hewn altar of Beogh.
 24179 | Orc:2    | Found a staircase to the Elven Halls.
 24374 | Orc:2    | Found a roughly hewn altar of Beogh.
 24375 | Orc:2    | Found Houchiaghe's Antique Weapon Emporium.
 24399 | Orc:2    | Found a roughly hewn altar of Beogh.
 24419 | Orc:2    | Found a roughly hewn altar of Beogh.
 24595 | Orc:2    | Reached skill level 12 in Fighting
 24602 | Orc:2    | Found a roughly hewn altar of Beogh.
 24608 | Orc:2    | Found Emefiphi's General Store.
 24662 | Orc:2    | Found a roughly hewn altar of Beogh.
 24779 | Orc:2    | Noticed an orc warlord
 24802 | Orc:2    | Killed an orc warlord
 24804 | Orc:2    | Reached skill level 10 in Armour
 25031 | Orc:2    | Found Roun's Antique Armour Emporium.
 25032 | Orc:2    | Found a roughly hewn altar of Beogh.
 25033 | Orc:2    | Found Hoegic Huza's Antique Weapon Shoppe.
 25098 | Orc:2    | Found a roughly hewn altar of Beogh.
 25963 | D:11     | Found a burning altar of Makhleb.
 26004 | D:11     | Noticed Snorg
 26012 | D:11     | Killed Snorg
 26313 | D:12     | Found Wifrobap's Jewellery Shoppe.
 26343 | D:12     | Bought the ring of Nyiniun {rElec Str+3 Int+4 Dex+4 Stlth-}
                  | for 721 gold pieces
 26343 | D:12     | Bought a +2 amulet of reflection for 120 gold pieces
 26926 | D:12     | Identified a +0 pair of boots of running (You found it on
                  | level 12 of the Dungeon)
 27098 | D:12     | Reached skill level 10 in Evocations
 27307 | D:13     | Found a gate to the Vaults.
 27342 | D:13     | Reached XP level 15. HP: 87/122 MP: 22/22
 28201 | D:13     | Got a transparent dagger
 28202 | D:13     | Identified the +3 dagger of Nauwuj {pierce, rElec rC+} (You
                  | found it on level 13 of the Dungeon)
 29181 | D:14     | Reached skill level 13 in Fighting
 29351 | D:14     | Got a brightly glowing war axe
 29352 | D:14     | Identified the cursed +3 war axe "Gogas" {pain, rElec rC+
                  | MR-} (You found it on level 14 of the Dungeon)
 29981 | D:15     | Entered Level 15 of the Dungeon
 29981 | D:15     | Found a staircase to the Depths.
 30334 | D:15     | Noticed Rupert
 30344 | D:14     | Reached skill level 10 in Staves
 30471 | D:14     | Reached ****** piety under Wu Jian
 30702 | D:14     | Killed Rupert
 32298 | D:15     | Noticed Kirke
 32807 | D:14     | Killed Kirke
 34068 | D:10     | Killed Ablot's ghost
 34227 | Snake:1  | Entered Level 1 of the Snake Pit
 34295 | Snake:1  | Reached XP level 16. HP: 132/132 MP: 23/23
 34432 | Snake:1  | Noticed Donald
 34455 | Snake:1  | Killed Donald
 36066 | Snake:3  | Found Plog's Antique Armour Boutique.
 36066 | Snake:3  | Found Xippo Zexabb's Food Shop.
 36067 | Snake:3  | Found Nenul's Jewellery Boutique.
 36069 | Snake:3  | Found Damosede's Jewellery Shop.
 36075 | Snake:3  | HP: 5/132 [naga sharpshooter/bolt (3)]
 36076 | Snake:3  | Killed from afar by a shock serpent

Levels and vault maps discovered:
D:1:      lightli_arrival_farm, layout_rooms
D:2:      layout_loops_ring, okawaru_ov_weapons_minmay,
          wander_ebering_terrifying_dragon_lair
D:3:      layout_rooms, first_ration, chequers_mini_garden
D:4:      layout_layer_cave, grunt_temple_overflow_lords_of_destruction,
          lemuel_crystal_altar, nemelex_xobeh_ov_fountains_minmay,
          grunt_temple_overflow_open, uniq_menkaure
D:5:      layout_gridville, minmay_temple_entry_proselytizer, enter_ossuary_2
D:6:      layout_cave_pods, fedhas_altar_1, kennysheep_generic_room_10
D:7:      layout_basic, grunt_livestock
D:8:      layout_basic, basic_altar, small_chamber_with_monster,
          roderic_lattice_a, uniq_prince_ribbit1
D:9:      layout_loops_corners, overflow_temple_1_default,
          nicolae_overflow_hidden_temple, david_orc_2, minivault_23,
          minmay_misc_feat_room, uniq_maurice
D:10:     layout_loops_ring, david_lair_generic, hellmonk_ghost_happy_afterlife
D:11:     layout_cave_pools, basic_altar, minmay_strange_pillars, uniq_snorg
D:12:     layout_small_grid, serial_shops, shop, kennysheep_nondescript
D:13:     layout_basic, lightli_vaults_fourway_checkpoint
D:14:     layout_roguey, hangedman_abyss_or_decor_passed
D:15:     gammafunk_depths_entry_grave, layout_cave_pools, minmay_hedge_maze,
          uniq_rupert, uniq_kirke
Temple:   jpeg_temple_island
Lair:1:   layout_regular_city
Lair:2:   layout_chaotic_city, grunt_megastairs_3, serial_bayou_shore_b,
          uniq_sonja
Lair:3:   layout_small_grid, grunt_forest_small_clearings,
          kennysheep_basilisk_garden
Lair:4:   layout_cave_pods, minmay_shoals_entry_lonely_mermaid,
          guppyfry_snake_entry_island, minmay_lair_oklob_chamber,
          serial_bayou_shore_a
Lair:5:   layout_roguey, slime_altar_2
Lair:6:   evilmike_catoblepas_cave, layout_regular_city, basic_altar,
          grunt_megastairs_2
Snake:1:  layout_honeycomb, uniq_donald
Snake:2:  layout_misc_corridors
Snake:3:  layout_rooms, minmay_shoptagon, uniq_louise
Orc:1:    layout_diamond_mine, serial_shops, shop, shop, shop, shop,
          shop_statue, guppyfry_orc_lava_fort, uniq_josephine
Orc:2:    grunt_orc_community_town_hall, layout_caves,
          grunt_orc_community_big_house_2, grunt_orc_community_big_house_1,
          grunt_orc_community_house_2, grunt_orc_community_house_1,
          grunt_orc_community_house_1, grunt_orc_community_house_3,
          grunt_orc_community_house_2, grunt_orc_community_house_3,
          portal_ice_cave_entry_pillars_2

Skill      XL: |  1  2  3  4  5  6  7  8  9 10 11 12 13 14 15 |
---------------+----------------------------------------------+-----
Armour         | 1 2 3 4 5 6 7 8 9 10 11 | 11.7
Dodging        | 3 4 5 6 7 8 9 10 11 | 11.9
Fighting       | 4 5 6 7 8 9 10 11 12 13 | 13.9
Long Blades    | 1 2 3 |  3.5
Evocations     | 1 2 3 4 5 7 8 9 10 | 10.0
Staves         | 2 4 5 7 8 9 10 | 10.8
Polearms       | |  2.4
Stealth        | |  1.5

Action                   |  1- 3 |  4- 6 |  7- 9 | 10-12 | 13-15 | 16-18 || total
-------------------------+-------+-------+-------+-------+-------+-------++-------
Melee: Spear             |   168 |       |       |       |       |       ||   168
       Mace              |     9 |   139 |       |       |       |       ||   148
       Long sword        |       |    18 |   223 |       |       |       ||   241
       Quarterstaff      |       |       |   201 |   895 |  2001 |   155 ||  3252
       Great mace        |       |       |       |       |     5 |       ||     5
       Trident           |       |       |       |       |    14 |       ||    14
Throw: Dart              |       |       |       |       |     4 |       ||     4
Invok: Whirlwind         |       |       |    72 |   112 |   481 |     3 ||   668
       Lunge             |       |       |    26 |    88 |   132 |     9 ||   255
       Serpent's Lash    |       |       |       |    13 |    25 |     1 ||    39
       Heavenly Storm    |       |       |       |       |     1 |     1 ||     2
 Abil: Wall Jump         |       |       |     1 |     6 |    10 |       ||    17
Evoke: Wand              |       |       |       |     7 |    16 |     2 ||    25
       Sack of spiders   |       |       |       |     3 |     3 |       ||     6
       Phial of floods   |       |       |       |     1 |     1 |     1 ||     3
       Lightning rod     |       |       |       |       |       |     1 ||     1
  Use: Scroll            |       |     7 |     3 |     9 |    25 |     8 ||    52
 Stab: Sleeping          |     1 |       |       |       |       |       ||     1
       Paralysed         |       |       |       |    13 |     7 |       ||    20
       Distracted        |       |       |       |       |     1 |       ||     1
Armor: Ring mail         |    85 |     3 |       |       |       |       ||    88
       Scale mail        |       |   100 |   163 |    29 |       |       ||   292
       Plate armour      |       |       |       |   403 |   895 |    62 ||  1360
Dodge: Dodged            |    95 |   107 |   266 |   296 |   924 |    41 ||  1729
Block: Other             |       |       |       |       |    42 |    12 ||    54
       Reflection        |       |       |       |       |     4 |       ||     4
       Rpst.: Long sword |       |     4 |    31 |       |       |       ||    35

Table legend:
 A = Non-vault XP
 B = Vault XP
 C = Vault XP percentage of total XP
 D = Non-vault monster count
 E = Vault monster count
 F = Vault count percentage of total count
                 A         B        C        D         E       F
            +---------+---------+-------+---------+---------+-------
      Total |  111826 |   56168 |  33.4 |     607 |     236 |  28.0
            +---------+---------+-------+---------+---------+-------
        D:1 |      25 |       0 |   0.0 |      16 |       0 |   0.0
        D:2 |     100 |       1 |   1.0 |      25 |       1 |   3.8
        D:3 |      61 |       0 |   0.0 |      10 |       0 |   0.0
        D:4 |     132 |     225 |  63.0 |      13 |       2 |  13.3
        D:5 |     750 |      40 |   5.1 |      10 |       1 |   9.1
        D:6 |     285 |      50 |  14.9 |       7 |       1 |  12.5
        D:7 |    1175 |     959 |  44.9 |      20 |       5 |  20.0
        D:8 |    1395 |     341 |  19.6 |      34 |       2 |   5.6
        D:9 |    3823 |     727 |  16.0 |      41 |       8 |  16.3
       D:10 |    3716 |    2272 |  37.9 |      42 |       5 |  10.6
       D:11 |    6606 |    1145 |  14.8 |      29 |       1 |   3.3
       D:12 |    6060 |       0 |   0.0 |      38 |       0 |   0.0
       D:13 |   10335 |    5697 |  35.5 |      25 |      12 |  32.4
       D:14 |   19081 |    7856 |  29.2 |      55 |       8 |  12.7
       D:15 |    9718 |    2003 |  17.1 |      31 |       5 |  13.9
     Lair:1 |    7085 |       0 |   0.0 |      33 |       0 |   0.0
     Lair:2 |    3172 |    1744 |  35.5 |      15 |       2 |  11.8
     Lair:3 |    3392 |     960 |  22.1 |      15 |       5 |  25.0
     Lair:4 |    4092 |     474 |  10.4 |      20 |       1 |   4.8
     Lair:5 |    6410 |     890 |  12.2 |      28 |       3 |   9.7
     Lair:6 |    7574 |   11670 |  60.6 |      26 |      24 |  48.0
    Snake:1 |   10506 |    1948 |  15.6 |      19 |       1 |   5.0
    Snake:2 |    2455 |       0 |   0.0 |       3 |       0 |   0.0
      Orc:1 |    1799 |       0 |   0.0 |      21 |       0 |   0.0
      Orc:2 |    2079 |    6838 |  76.7 |      31 |      72 |  69.9
    Ossuary |       0 |     433 | 100.0 |       0 |      40 | 100.0
      IceCv |       0 |    9895 | 100.0 |       0 |      37 | 100.0
            +---------+---------+-------+---------+---------+-------
